 Dungeon Crawl Stone Soup version 0.26-a0-146-g24f6d3962c (webtiles) character file.

Game seed: 8456149673303620583

101 Hastur the Sneak (level 5, -19/35 HPs)
             Began as a Halfling Air Elementalist on June 29, 2020.
             Blown up by an orc (21 damage)
             ... with a disintegration bolt
             ... on level 3 of the Dungeon.
             The game lasted 00:09:43 (4104 turns).

Hastur the Sneak (Halfling Air Elementalist)        Turns: 4104, Time: 00:09:44

Health: -19/35     AC:  3    Str:  9    XL:     5   Next: 4%
Magic:  0/7        EV: 15    Int: 14    God:
Gold:   138        SH:  0    Dex: 15    Spells: 4/7 levels left

rFire    . . .     SeeInvis .   d - +0 dagger
rCold    . . .     Faith    .   (shield restricted)
rNeg     . . .     Spirit   .   a - +0 robe
rPois    .         Reflect  .   c - +0 helmet
rElec    .         Harm     .   (no cloak)
rCorr    .                      (no gloves)
MR       .....                  (no boots)
Stlth    +++.......             (no amulet)
HPRegen  0.11/turn              (no ring)
MPRegen  0.10/turn              (no ring)

@: very slightly contaminated
A: small, mutation resistance 1
a: no special abilities


You were on level 3 of the Dungeon.
You were not hungry.

You visited 1 branch of the dungeon, and saw 4 of its levels.

You collected 138 gold pieces.

Inventory:

Hand Weapons
 d - a +0 dagger (weapon)
   (You took it off a goblin on level 1 of the Dungeon)
Missiles
 b - 113 stones (quivered)
Armour
 a - a +0 robe (worn)
 c - a +0 helmet (worn)
   (You took it off Robin on level 2 of the Dungeon)
Scrolls
 g - a scroll of magic mapping {unknown}
 i - 2 scrolls of identify {unknown}
 j - a scroll of blinking {unknown}
 k - a scroll of fog {unknown}
 n - 2 scrolls of remove curse {unknown}
 o - a scroll of teleportation {@r4}
 r - a scroll of immolation {unknown}
Potions
 f - 2 potions of curing {unknown}
 h - a potion of heal wounds {unknown}
 l - a potion of flight {unknown}
 m - a potion of brilliance {unknown}
 p - a potion of haste {unknown}
Comestibles
 e - 11 rations {!d}


   Skills:
 + Level 2.5 Fighting
 - Level 2.1 Dodging
 - Level 4.1 Stealth
 - Level 1.5 Spellcasting
 - Level 0.7 Conjurations
 * Level 0.4 Summonings
 - Level 3.0 Air Magic


You had 4 spell levels left.
You knew the following spells:

 Your Spells              Type           Power        Failure   Level  Hunger
a - Shock                 Conj/Air       #...         12%         1    ##.....
x - Call Imp              Summ           #.......     30%         2    ###....

Your spell library contained the following spells:

 Spells                   Type           Power        Failure   Level  Hunger
 Summon Small Mammal      Summ           #...         21%         1    ##.....
 Swiftness                Chrm/Air       #.......     21%         2    ###....
 Static Discharge         Conj/Air       #.......     34%         3    ####...
 Call Canine Familiar     Summ           #.......     52%         3    ####...
 Summon Guardian Golem    Hex/Summ       #.......     56%         3    ####...
 Airstrike                Air            #.........   58%         4    #####..
 Summon Lightning Spire   Summ/Air       #.......     77%         4    #####..
 Summon Ice Beast         Ice/Summ       #.......     92%         4    #####..
 Lightning Bolt           Conj/Air       #.........   97%         5    ######.


Dungeon Overview and Level Annotations

Branches:
Dungeon (4/15)
 Temple: D:4-7

Altars:
Gozag
Qazlal


Innate Abilities, Weirdness & Mutations

You are small and have problems with some larger weapons.
You are somewhat resistant to further mutation.


Message History

You kill the orc!
You have reached level 5!
You feel agile.
There is a stone staircase leading up here.
You climb upwards.
There is a stone staircase leading down here.
You start resting.
All of the chunks of flesh in your inventory have rotted away.
You climb downwards.
The orc barely misses you.
There is a stone staircase leading up here.
The orc misses you. x2
You climb upwards.
There is a stone staircase leading down here.
The zap hits the orc. x2
You kill the orc!
You can't see any susceptible monsters within range! (Use Z to cast anyway.) Unknown command.
You now have 138 gold pieces (gained 7).
You see here a +0 ring mail.
There is a stone staircase leading down here.
You climb downwards.
There is a stone staircase leading up here.
Aim: an orc, wielding a +0 trident The zap misses the orc.
The orc barely misses you.
Aim: an orc, wielding a +0 trident You miscast Shock.
You are very lightly contaminated with residual magic.
Nothing appears to happen.
The orc hits you from afar with a +0 trident.
Aim: an orc, wielding a +0 trident You miscast Shock.
Nothing appears to happen.
The orc barely misses you.
Aim: an orc, wielding a +0 trident The zap misses the orc.
The zap hits the orc.
The orc barely misses you.
Aim: an orc, wielding a +0 trident You miscast Shock.
Nothing appears to happen.
The orc hits you but does no damage.
Aim: an orc, wielding a +0 trident The zap hits the orc. x2; The orc closely misses you.
Aim: an orc, wielding a +0 trident (heavily wounded)
The zap hits the orc.
You kill the orc!
The zap hits the orc.
The orc zaps a wand.
You are blasted!
Ouch! That really hurt!
* * * LOW HITPOINT WARNING * * *
The orc zaps a wand.
You are blasted!
Ouch! That really hurt!
You die...

# ##.## #.#.#### #
#.# #.._..#. # #.#
###.#.## # #.#
###.....## ######.#
#.###.###. ......<#
#.....# ## #####..#
#....#####
÷......##############
#........#
###....).=.o))..@.<.#
#...####.#
#.#.#############.#
#...# ##.# #.#.# #.#
##..# #... #....#
#.#####..###...
#.≈..≈≈..
#..............
...≈.≈≈≈≈≈≈
#.#####..#.....
#.≈o≈≈≈≈≈≈≈ #.##
#..#..(.. ##..≈≈≈≈≈≈≈
#..####..###)..
...≈≈≈≈≈≈≈
#........###...


You could see an orc.

Vanquished Creatures
  Robin (D:2)
  An adder (D:2)
  2 oozes
  A worm (D:3)
  A leopard gecko (D:2)
  10 orcs
  A ball python (D:1)
  6 bats
  3 giant cockroaches
  5 hobgoblins
  2 jackals (D:2)
  3 kobolds
  4 frilled lizards
  12 goblins
  3 rats
55 creatures vanquished.

Notes
Turn   | Place    | Note
-------+----------+-------------------------------------------
     0 | D:1      | Hastur the Halfling Air Elementalist began the quest for
                  | the Orb.
     0 | D:1      | Reached XP level 1. HP: 11/11 MP: 3/3
   319 | D:1      | Reached XP level 2. HP: 18/18 MP: 0/4
   428 | D:1      | Reached skill level 1 in Fighting
  1051 | D:2      | Reached skill level 3 in Stealth
  1052 | D:2      | Reached XP level 3. HP: 22/23 MP: 1/5
  1377 | D:2      | Noticed Robin
  1679 | D:2      | Killed Robin
  1679 | D:2      | Reached XP level 4. HP: 15/29 MP: 0/6
  2569 | D:3      | Found an opulent altar of Gozag.
  2599 | D:3      | Reached skill level 4 in Stealth
  3042 | D:3      | Found a stormy altar of Qazlal.
  3485 | D:3      | You fall into a shaft and drop 1 floor!
  3485 | D:4      | Noticed an ogre
  3515 | D:4      | Noticed a phantom
  3656 | D:4      | Noticed an ogre
  3785 | D:3      | Learned a level 2 spell: Call Imp
  4023 | D:3      | Reached XP level 5. HP: 35/35 MP: 0/7
  4104 | D:3      | Blown up by an orc

Illustrated notes

Levels and vault maps discovered:
D:1:      zaba_arrival_water, layout_basic, grunt_decor_one_mirror,
          wad_floor_pattern_2
D:2:      layout_basic, first_ration, uniq_robin
D:3:      layout_loops_ring, nicolae_gozag_cash_rules_everything_around_me,
          chequers_ecumenical_altar_island, grunt_qazlal_sundering
D:4:      layout_loops_ring, overflow_temple_1_default, wad_rectangle_vault,
          uniq_natasha

Skill      XL: |  1  2  3  4 |
---------------+-------------+-----
Fighting       | 1 2 |  2.5
Stealth        | 3 4 |  4.1
Dodging        | |  2.1
Spellcasting   | |  1.5
Conjurations   | |  0.7
Summonings     | |  0.4
Air Magic      | |  3.0

Action                   |  1- 3 |  4- 6 || total
-------------------------+-------+-------++-------
Melee: Dagger            |    39 |    66 ||   105
 Cast: Shock             |    52 |    51 ||   103
  Use: Scroll            |       |     2 ||     2
 Stab: Sleeping          |       |     4 ||     4
       Distracted        |       |     1 ||     1
  Eat: Chunk             |     4 |     9 ||    13
Armor: Robe              |     8 |     9 ||    17
Dodge: Dodged            |    50 |    79 ||   129

Table legend:
 A = Non-vault XP
 B = Vault XP
 C = Vault XP percentage of total XP
 D = Non-vault monster count
 E = Vault monster count
 F = Vault count percentage of total count
                 A         B        C        D         E       F
            +---------+---------+-------+---------+---------+-------
      Total |     107 |      38 |  26.2 |      43 |      12 |  21.8
            +---------+---------+-------+---------+---------+-------
        D:1 |      22 |       0 |   0.0 |      12 |       0 |   0.0
        D:2 |      42 |      38 |  47.5 |      14 |      12 |  46.2
        D:3 |      40 |       0 |   0.0 |      16 |       0 |   0.0
        D:4 |       3 |       0 |   0.0 |       1 |       0 |   0.0
            +---------+---------+-------+---------+---------+-------
